 Dungeon Crawl Stone Soup version 0.30-a0-639-g3916f1956a (webtiles) character file.

Game seed: 17855590284493805174

564 acebull12 the Covered (level 7, -1/54 HPs)
             Began as a Formicid Fighter on Jan 17, 2023.
             Killed from afar by Blork the orc (13 damage)
             ... with a puff of flame
             ... on level 4 of the Dungeon.
             The game lasted 00:04:29 (3310 turns).

acebull12 the Covered (Formicid Fighter)            Turns: 3310, Time: 00:04:30

Health: -1/54      AC:  9    Str: 23    XL:     7   Next: 58%
Magic:  7/7        EV: 10    Int:  7    God:
Gold:   244        SH:  5    Dex: 13    Spells: 6/6 levels left

rFire   . . .      SeeInvis +    a - +0 war axe
rCold   . . .      Faith    .    c - +0 buckler
rNeg    + . .      Spirit   .    b - +0 scale mail
rPois   .          Reflect  .    (helmet unavailable)
rElec   .          Harm     .    y - +1 cloak {rCorr}
rCorr   +          Rampage  .    (no gloves)
Will    .....                    (no boots) Stlth
                                 (no amulet)
HPRegen 0.29/turn                p - ring of positive energy
MPRegen 0.10/turn                (no ring)

@: no status effects
A: permanent stasis, dig shafts and tunnels, antennae 3, four strong arms
a: Dig, Shaft Self


You were on level 4 of the Dungeon.
You visited 1 branch of the dungeon, and saw 4 of its levels.

You collected 244 gold pieces.

Inventory:

Hand Weapons
 a - a +0 war axe (weapon)
Missiles
 j - 52 stones
 x - 3 poisoned darts
 A - 3 curare-tipped darts
Armour
 b - a +0 scale mail (worn)
 c - a +0 buckler (worn)
 y - a +1 cloak of preservation (worn)
Jewellery
 p - a ring of positive energy (left hand)
 B - an amulet of the acrobat
 C - a ring of positive energy
 E - a ring of wizardry
Scrolls
 g - 3 scrolls of identify {unknown}
 i - 2 scrolls of magic mapping {unknown}
 k - 2 scrolls of vulnerability {unknown}
 l - a scroll of poison {unknown}
 n - 2 scrolls of fear {unknown}
 q - 3 scrolls of noise {unknown}
 u - a scroll of enchant weapon {unknown}
 v - 4 scrolls of fog {unknown}
 w - 2 scrolls of teleportation {unknown}
 z - a scroll of amnesia {unknown}
 D - a scroll of blinking {unknown}
 F - a scroll of silence {unknown}
Potions
 d - a potion of might
 e - a potion of magic {unknown}
 f - a potion of resistance {unknown}
 h - 2 potions of flight {unknown}
 m - a potion of degeneration {unknown}
 o - a potion of haste {unknown}
 r - 3 potions of curing {unknown}
 s - a potion of brilliance {unknown}
 t - a potion of heal wounds {unknown}


   Skills:
 + Level 4.2 Fighting
 + Level 4.6 Axes
 * Level 0.7 Throwing
 * Level 5.8 Armour
 - Level 1.0 Dodging
 * Level 5.7 Shields


You had 6 spell levels left.
You didn't know any spells.
Your spell library contained the following spells:

 Spells                   Type           Power      Damage    Failure   Level
 Conjure Ball Lightning   Conj/Air       0%         3x3d6     100%        6
 Discord                  Hex            0%         N/A       100%        8
 Disjunction              Tloc           0%         N/A       100%        8


Dungeon Overview and Level Annotations

Branches:
Dungeon (4/15)
 Temple: D:4-7

Altars:
Zin

Annotations:
D:2 1 runed translucent door, Crazy Yiuf
D:4 Blork the orc


Innate Abilities, Weirdness & Mutations

You cannot be hasted, slowed, berserked, paralysed or teleported.
You can dig through walls and to a lower floor.
You have a pair of large antennae on your head. (SInv)
Your four strong arms can wield two-handed weapons with a shield.


Message History

Blork the orc shouts!
Blork the orc casts a spell at you. The puff of flame misses you.
Blork the orc is nearby!
There is an open door here.
You block Blork the orc's attack. Blork the orc closely misses you.
You hit Blork the orc.
Blork the orc is lightly wounded.
Blork the orc hits you with a +0 glaive.
You hit Blork the orc.
Blork the orc is moderately wounded.
Blork the orc hits you but does no damage.
You slash Blork the orc!
Blork the orc is heavily wounded.
Blork the orc barely misses you.
Blork the orc points at you and mumbles some strange words.
The puff of frost hits you!
You slash Blork the orc!
Blork the orc is severely wounded.
Blork the orc hits you with a +0 glaive.
You hit Blork the orc.
Blork the orc is severely wounded.
Blork the orc casts a spell at you. The magic dart hits you!
You hit Blork the orc.
Blork the orc is almost dead.
Blork the orc casts a spell at you. The puff of flame hits you!
You are too injured to fight recklessly!
Blork the orc points at you and mumbles some strange words.
The magic dart hits you.
You barely miss Blork the orc.
Blork the orc is almost dead.
Blork the orc casts a spell at you. The magic dart hits you!
* * * LOW HITPOINT WARNING * * *
Blork the orc casts a spell at you. The puff of flame hits you!
You die...

##...####.........####...####
#..## ##.......## #..## #..#
##.....## #.... ##.# ##...##
####.# #># ##'## .# #.# #.# #
.. #.# ##.## #@o.#
#.........# ...............
##..##.#...#### #. #.....# #
#####.# .# ##


You could see Blork the orc.

Vanquished Creatures
  Sigmund (D:2)
  A centaur (D:3)
  A scorpion (D:4)
  Jessica (D:2)
  2 iguanas (D:4)
  Natasha (D:4)
  An orc wizard (D:3)
  3 gnolls (D:3)
  2 adders
  A worm (D:3)
  3 dart slugs (D:2)
  5 orcs (D:3)
  5 bats
  6 endoplasms
  4 giant cockroaches
  4 goblins
  6 hobgoblins
  4 jackals (D:3)
  6 kobolds
  2 quokkas
  7 ball pythons
  4 frilled lizards
  4 rats
74 creatures vanquished.

Vanquished Creatures (others)
  3 demonic plants (D:3)
3 creatures vanquished.

Grand Total: 77 creatures vanquished

Notes
Turn   | Place    | Note
-------+----------+-------------------------------------------
     0 | D:1      | acebull12 the Formicid Fighter began the quest for the Orb.
     0 | D:1      | Reached XP level 1. HP: 18/18 MP: 1/1
    35 | D:1      | Reached XP level 2. HP: 16/24 MP: 2/2
   247 | D:1      | Reached XP level 3. HP: 29/29 MP: 3/3
   611 | D:2      | Noticed Jessica
   624 | D:2      | Killed Jessica
   625 | D:2      | Reached XP level 4. HP: 3/37 MP: 4/4
  1011 | D:2      | Found a runed translucent door.
  1012 | D:2      | Noticed Crazy Yiuf
  1137 | D:2      | Noticed Sigmund
  1186 | D:2      | Killed Sigmund
  1187 | D:2      | Reached skill level 5 in Shields
  1187 | D:2      | Reached XP level 5. HP: 25/42 MP: 5/5
  1187 | D:2      | Reached XP level 6. HP: 29/48 MP: 6/6
  1583 | D:3      | Reached skill level 5 in Armour
  1588 | D:3      | Reached skill level 1 in Dodging
  2044 | D:3      | Reached XP level 7. HP: 54/54 MP: 7/7
  3028 | D:4      | Found a glowing silver altar of Zin.
  3047 | D:4      | Noticed Natasha
  3053 | D:4      | Killed Natasha
  3298 | D:4      | Noticed Blork the orc
  3310 | D:4      | Killed from afar by Blork the orc

Illustrated notes

Levels and vault maps discovered:
D:1:      minmay_arrival_statue_studded, layout_rooms
D:2:      layout_rooms, uniq_sigmund, uniq_crazy_yiuf_cottage, uniq_jessica
D:3:      layout_basic, dreamdust_princess_corridor
D:4:      layout_loops_corners, nicolae_overflow_crystal_walls,
          uniq_blork_the_orc, uniq_natasha

Skill      XL: |  1  2  3  4  5  6 |
---------------+-------------------+-----
Axes           | 3 4 |  4.6
Armour         | 4 5 |  5.8
Shields        | 5 |  5.7
Fighting       | 4 |  4.2
Dodging        | 1 |  1.0
Throwing       | |  0.7

Action                   |  1- 3 |  4- 6 |  7- 9 || total
-------------------------+-------+-------+-------++-------
Melee: War axe           |    62 |    78 |    93 ||   233
 Abil: Dig               |       |       |     1 ||     1
Armor: Scale mail        |    37 |    41 |    31 ||   109
Dodge: Dodged            |    35 |    48 |    59 ||   142
Block: Buckler           |    23 |    14 |    29 ||    66

Table legend: (Time is in decaauts)
 A = Elapsed time spent in this place.
 B = Non-inter-level travel time spent in this place.
 C = Inter-level travel time spent in this place.
 D = Time resting spent in this place.
 E = Time spent auto-exploring this place.
 F = Levels seen in this place.
 G = Mean time per level.
                   A        B        C        D        E       F      G
               +--------+--------+--------+--------+--------+-----+--------+
         Total |   3394 |   3163 |    231 |    438 |   2073 |   4 |  848.5 |
       Dungeon |   3394 |   3163 |    231 |    438 |   2073 |   4 |  848.5 |
               +--------+--------+--------+--------+--------+-----+--------+

Top non-repeatable levels by time:
     D:3: 1373 daAuts
     D:2: 948 daAuts
     D:1: 601 daAuts
     D:4: 471 daAuts
